AoeStats
← GalatiansTwoTwenty

Arabia

507829369Analyzed
1v1 RM · 12d ago on Sep 19, 2026· 41m 39s· 2 players
Game mode
Random Map
Map size
Tiny (2 player)
Population
200
Speed
Normal
Resources
Standard
Victory
Conquest
Starting age
Dark Age
Ending age
Imperial Age
RankedLock teamsTeams togetherTeam positionsShared explorationLock speedFull tech treeHidden civsTurbo modeCheats
Victory
Defeat
🇺🇸 Aztecs · United States
1351
+15
🇪🇸 Hindustanis · Spain
1335
-15
Ger2107
9:24 Feudal Age
10:08 Gold Mining
10:10 Double-Bit Axe
16:07 Fletching
18:02 Horse Collar
18:54 Loom
21:26 Castle Age
19:50 Man-at-Arms
21:18 Forging
22:00 Long Swordsman
23:49 Scale Mail Armor
25:02 Chain Mail Armor
26:50 Iron Casting
29:32 Arson
31:28 Squires
33:03 Elite Skirmisher
37:01 Crossbowman
37:46 Thumb Ring
38:16 Bodkin Arrow
GalatiansTwoTwenty
7:09 Loom
9:54 Feudal Age
10:28 Double-Bit Axe
10:23 Horse Collar
19:54 Castle Age
18:08 Fletching
18:36 Scale Mail Armor
19:47 Gold Mining
19:55 Eagle Warrior
20:51 Chain Mail Armor
22:56 Wheelbarrow
23:02 Bow Saw
26:00 Heavy Plow
27:15 Squires
27:13 Town Watch
27:38 Fletching
29:17 Crossbowman
30:13 Padded Archer Armor
30:54 Bodkin Arrow
34:11 Forging
35:12 Arson
36:05 Iron Casting
39:52 Imperial Age
39:17 Gold Shaft Mining
39:13 Hand Cart
40:02 Elite Eagle Warrior
41:14 Plate Mail Armor
Connection lost

Rejoining the realm…

Still unreachable

The connection could not be restored.

Session expired

The server has moved on; the page needs a fresh start.